 Dungeon Crawl Stone Soup version 0.31.0-9-g3a7656b989 (webtiles) character file.

Game seed: 18316877048604323789

1041 qw the Skirmisher (level 8, -3/40 HPs)
             Began as a Spriggan Hunter on Feb 2, 2024.
             Was a Follower of Okawaru.
             Shot with an arrow by a centaur (9 damage)
             ... on level 6 of the Dungeon.
             The game lasted 00:00:15 (3544 turns).

qw the Skirmisher (Spriggan Hunter)                 Turns: 3544, Time: 00:00:16

Health: -3/40      AC:  4    Str:  7    XL:     8   Next: 4%
Magic:  9/9        EV: 22    Int: 11    God:    Okawaru [*.....]
Gold:   61         SH:  0    Dex: 20    Spells: 7/7 levels left

rFire   . . .        i - -1 hand cannon
rCold   . . .        (no shield)
rNeg    . . .        j - +2 robe {Will+}
rPois   .            (helmet restricted)
rElec   .            (no cloak)
rCorr   .            (gloves unavailable)
SInv    +            (boots unavailable)
Will    ++...        (no amulet)
Stlth   ++           (no ring)
HPRegen 0.26/turn    (no ring)
MPRegen 0.11/turn

%: no passive effects
@: about to teleport, very quick
A: very small, no large weapons, unfitting armour, see invisible, speed 3
a: Renounce Religion, Heroism


You were on level 6 of the Dungeon.
You worshipped Okawaru.
Okawaru was aware of your devotion.
You visited 2 branches of the dungeon, and saw 7 of its levels.

You collected 302 gold pieces.
You spent 241 gold pieces at shops.


Innate Abilities, Weirdness & Mutations

You are very small and have problems with some larger weapons.
You are too small for most types of armour.
You have supernaturally acute eyesight. (SInv)
You cover ground extremely quickly. (Speed+++)


   Skills:
 - Level 3.1 Fighting
 - Level 8.0 Ranged Weapons
 + Level 7.4 Dodging
 - Level 1.5 Stealth
 + Level 1.0 Invocations


You had 7 spell levels left.
You didn't know any spells.
Your spell library was empty.

Inventory:

Hand Weapons
 i - a -1 hand cannon (weapon)
Armour
 j - a +2 robe of willpower (worn)
Jewellery
 f - an amulet of guardian spirit
 l - a ring of poison resistance
Wands
 e - a wand of digging (6)
 h - a wand of paralysis (2)
Scrolls
 k - a scroll of teleportation
 m - 3 scrolls of brand weapon {unknown}
Potions
 a - a potion of curing {unknown}
 b - a potion of magic {unknown}
 c - a potion of cancellation {unknown}
 d - a potion of enlightenment
 g - a potion of resistance {unknown}

Dungeon Overview and Level Annotations

Branches:
Dungeon (6/15)             Temple (1/1) D:4

Altars:
Ashenzari
Cheibriados
Dithmenos
Elyvilon
Fedhas
Gozag
Hepliaklqana
Kikubaaqudgha
Makhleb
Nemelex Xobeh
Okawaru
Qazlal
Ru
Sif Muna
Trog
Uskayaw
Vehumet
Xom
Yredelemnul
Zin
The Shining One

Shops:
D:4 *   D:6 =


Message History

There is an open door here.
You open the door.
There is an open door here.
Found a flail.
A centaur comes into view.
The centaur shouts!
You hear an angry hiss.
The centaur wields a +1 orcbow of freezing.
It is covered in frost.
The centaur shoots an arrow.
The arrow completely misses you.
You shoot a bolt.
The bolt hits the centaur but does no damage.
You hear a shout!
You hear a bark!
You hear a shout!
The centaur shoots an arrow.
The arrow barely misses you.
You shoot a bolt. The bolt barely misses the centaur.
You hear a shout!
You hear an angry hiss.
You hear a bark!
You hear an angry hiss.
The centaur shoots an arrow.
The arrow barely misses you.
The centaur shoots an arrow.
The arrow hits you! The arrow freezes you.
A centaur comes into view.
A water moccasin comes into view.
You shoot a bolt. The bolt hits the centaur.
The centaur is lightly wounded.
The centaur wields a +1 shortbow of freezing.
It is covered in frost.
The centaur shoots an arrow.
The arrow hits you. The arrow freezes you.
The centaur shoots an arrow.
The arrow misses you.
You shoot a bolt. The bolt hits the centaur!
The centaur is heavily wounded.
A hound comes into view.
The centaur shoots an arrow.
The arrow hits you! The arrow freezes you.
You hear an angry hiss.
3543 ||| READING 2 scrolls of teleportation.
As you read the scroll of teleportation, it crumbles to dust.
You feel strangely unstable.
The centaur shoots an arrow.
The arrow misses you.
The centaur shoots an arrow.
The arrow completely misses you.
An adder comes into view.
You hear an angry hiss.
You shoot a bolt. The bolt hits the centaur.
The centaur is heavily wounded.
The centaur shoots an arrow.
The arrow hits you!
You die...

#.# ##... #.#
##.... ####.##
##.....
###.....####......
............'......
####.#...####......
#.......# ##.....
#.#####.# ##....
#@# #.# ##... #0#
#.# ##'# #c#
#.########.#
Sc#####..#........
Sh.......#.#####..
..###.###.#.####...
.. #.###.#.##.....
#.. #..........#..(
#####.#.#####..


You could see a water moccasin, 2 centaurs, a hound and an adder.

Vanquished Creatures
  Sigmund (D:2)
  Duvessa (D:6)
  A sky beast (D:6)
  A kobold brigand (D:5)
  2 scorpions (D:6)
  Dowan (D:6)
  A jelly (D:5)
  An orc priest (D:4)
  3 hounds
  Jessica (D:2)
  Ijyb (D:3)
  An iguana (D:5)
  An orc wizard (D:4)
  Robin (D:3)
  11 adders
  4 dart slugs
  11 orcs
  5 ball pythons
  4 bats
  5 endoplasms
  3 giant cockroaches
  14 goblins
  7 hobgoblins
  3 jackals (D:1)
  11 kobolds
  5 frilled lizards
  4 rats
  A spectral hobgoblin (D:3)
105 creatures vanquished.

Notes
Turn   | Place    | Note
-------+----------+-------------------------------------------
     0 | D:1      | qw the Spriggan Hunter began the quest for the Orb.
     0 | D:1      | Reached XP level 1. HP: 10/10 MP: 2/2
     0 | D:1      | 0 ||| qw: Version: 0.3-a-155-g5e7d8dd
     0 | D:1      | 0 ||| qw: Game counter: 2222
     0 | D:1      | 0 ||| qw: Melee chars always use a shield: true
     0 | D:1      | 0 ||| qw: God list: Okawaru
     0 | D:1      | 0 ||| qw: Allow faded altars: false
     0 | D:1      | 0 ||| qw: Do Orc after clearing Dungeon:15 true
     0 | D:1      | 0 ||| qw: Do second Lair branch before Depths: true
     0 | D:1      | 0 ||| qw: Lair rune preference: random
     0 | D:1      | 0 ||| qw: Goals: Normal
     0 | D:1      | 0 ||| PLANNING D:1-11
    37 | D:1      | Reached skill level 3 in Dodging
    95 | D:1      | Reached XP level 2. HP: 14/14 MP: 3/3
   561 | D:1      | Reached XP level 3. HP: 18/18 MP: 4/4
   598 | D:1      | 598 ||| UPGRADING to amulet of guardian spirit.
   603 | D:1      | 603 ||| READING scroll labelled VOOWUPI SIEDA.
   604 | D:1      | 604 ||| READING scroll labelled ZAHOESCH MOIDGH.
   604 | D:1      | 604 ||| IDENTIFYING fuming clear potion
   605 | D:1      | 605 ||| READING scroll labelled GAELLUS KOUZXU.
   605 | D:1      | 605 ||| ENCHANTING +0 shortbow.
   606 | D:1      | 606 ||| DRINKING 2 white potions.
   607 | D:1      | 607 ||| DROPPING scroll of butterflies.
   608 | D:1      | 608 ||| DROPPING potion of degeneration.
   772 | D:2      | Noticed Jessica
   779 | D:2      | Killed Jessica
   780 | D:2      | Reached skill level 5 in Ranged Weapons
   780 | D:2      | Reached XP level 4. HP: 20/22 MP: 5/5
   942 | D:2      | Noticed Sigmund
   950 | D:2      | Killed Sigmund
   951 | D:2      | Reached skill level 6 in Dodging
   951 | D:2      | Reached XP level 5. HP: 25/25 MP: 6/6
  1089 | D:2      | 1089 ||| UPGRADING to +2 robe of willpower.
  1099 | D:2      | 1099 ||| DROPPING +0 robe.
  1100 | D:2      | 1100 ||| READING scroll labelled ROZ JIFAOMOBU.
  1201 | D:2      | 1201 ||| READING scroll labelled ACUICY JOTOUC.
  1202 | D:2      | 1202 ||| READING scroll labelled ESUINAEXZA.
  1203 | D:2      | 1203 ||| DRINKING 2 fizzy pink potions.
  1205 | D:2      | 1205 ||| Stepping ~*~*~tactically~*~*~ (cloud).
  1344 | D:3      | Found a faded altar of an unknown god.
  1393 | D:3      | Reached XP level 6. HP: 30/30 MP: 7/7
  1399 | D:3      | 1399 ||| READING scroll of enchant weapon.
  1399 | D:3      | 1399 ||| ENCHANTING +1 shortbow.
  1400 | D:3      | Noticed Robin
  1414 | D:3      | Killed Robin
  1484 | D:3      | 1484 ||| SWAPPING to +0 arbalest.
  1485 | D:3      | 1485 ||| DROPPING +2 shortbow.
  1618 | D:3      | Noticed Ijyb
  1622 | D:3      | Killed Ijyb
  1983 | D:4      | Found Qaggen Nue's Lightly-Used Armoury.
  1992 | D:4      | 1992 ||| BUYING -1 hand cannon (1 gold).
  1992 | D:4      | Bought a -1 hand cannon for 1 gold piece
  1992 | D:4      | 1992 ||| SWAPPING to -1 hand cannon.
  1993 | D:4      | 1993 ||| DROPPING +0 arbalest.
  2096 | D:4      | Reached skill level 6 in Ranged Weapons
  2208 | D:4      | Found a staircase to the Ecumenical Temple.
  2209 | D:4      | 2209 ||| PLANNING TEMPLE
  2218 | Temple   | Entered the Ecumenical Temple
  2219 | Temple   | 2219 ||| PLANNING D:1-11
  2476 | D:4      | 2476 ||| DROPPING ring of magical power.
  2499 | D:5      | Entered Level 5 of the Dungeon
  2500 | D:5      | 2500 ||| STAIRDANCE
  2504 | D:5      | 2504 ||| STAIRDANCE
  2557 | D:5      | 2557 ||| STAIRDANCE
  2656 | D:5      | Reached XP level 7. HP: 35/35 MP: 8/8
  2752 | D:5      | Found an iron altar of Okawaru.
  2753 | D:5      | 2753 ||| PLANNING OKAWARU WORSHIP
  2753 | D:5      | 2753 ||| READING 2 scrolls labelled DOOWEO ODYPOHI.
  2757 | D:5      | 2757 ||| PLANNING D:1-11
  2761 | D:5      | Identified the +0 ring mail of Vlad {^Contam rN+ Dex+4}
  2785 | D:5      | 2785 ||| PLANNING OKAWARU WORSHIP
  2789 | D:5      | Became a worshipper of Warmaster Okawaru
  2790 | D:5      | 2790 ||| PLANNING D:1-11
  2790 | D:5      | 2790 ||| REMOVING amulet of guardian spirit.
  2972 | D:5      | Reached skill level 7 in Ranged Weapons
  3067 | D:6      | Noticed Duvessa
  3067 | D:6      | Noticed Dowan
  3071 | D:6      | Killed Dowan
  3072 | D:6      | 3072 ||| ZAPPING wand of paralysis (3) at 1,1 (Duvessa;
                  | floor).
  3073 | D:6      | 3073 ||| DRINKING potion of haste.
  3080 | D:6      | Killed Duvessa
  3115 | D:6      | Reached skill level 8 in Ranged Weapons
  3117 | D:6      | Found Vyapliocs's Jewellery Shoppe.
  3128 | D:6      | 3128 ||| SHOPLISTING amulet of faith (480 gold, have 242).
  3128 | D:6      | 3128 ||| SHOPLISTING amulet of reflection (360 gold, have
                  | 242).
  3128 | D:6      | 3128 ||| SHOPLISTING amulet of regeneration (360 gold, have
                  | 242).
  3128 | D:6      | 3128 ||| SHOPLISTING amulet of the acrobat (360 gold, have
                  | 242).
  3128 | D:6      | 3128 ||| SHOPLISTING ring of Zeti {rElec Will+ Str+6 Int-4}
                  | (566 gold, have 242).
  3128 | D:6      | 3128 ||| BUYING ring of poison resistance (240 gold).
  3128 | D:6      | Bought a ring of poison resistance for 240 gold pieces
  3128 | D:6      | 3128 ||| SHOPLISTING ring of protection from fire (300
                  | gold, have 2).
  3196 | D:6      | Reached * piety under Okawaru
  3197 | D:6      | Reached skill level 3 in Fighting
  3473 | D:6      | Reached skill level 1 in Invocations
  3473 | D:6      | Reached XP level 8. HP: 40/40 MP: 9/9
  3542 | D:6      | HP: 8/40 [centaur/arrow (9)]
  3543 | D:6      | 3543 ||| READING 2 scrolls of teleportation.
  3544 | D:6      | Shot with an arrow by a centaur

Levels and vault maps discovered:
D:1:      minmay_arrival_split_and_join, layout_basic, kennysheep_nondescript,
          minmay_3d_cube
D:2:      layout_loops_ring, uniq_jessica, uniq_sigmund
D:3:      layout_loops_cross, dreamdust_ecumenical_altar_drowned_temple,
          uniq_robin, uniq_ijyb
D:4:      layout_rooms, minmay_temple_entry_poolview, minmay_shop_damaged
D:5:      layout_rooms, okawaru_metal_pillars_1_2
D:6:      layout_loops_corners, serial_shops, nicolae_shop_crystal,
          chequers_garden, minmay_misc_feat_iff, minmay_ruined_shrine,
          uniq_duvessa
Temple:   mainiacjoe_temple_cubbyholes

Skill      XL: |  1  2  3  4  5  6  7 |
---------------+----------------------+-----
Dodging        | 3 4 6 7 |  7.4
Ranged Weapons | 5 6 8 |  8.0
Fighting       | 2 3 |  3.1
Invocations    | 1 |  1.0
Stealth        | |  1.5

Action                     |  1- 3 |  4- 6 |  7- 9 || total
---------------------------+-------+-------+-------++-------
   Fire: Shortbow          |    71 |    74 |       ||   145
         Hand cannon       |       |    38 |    53 ||    91
         Arbalest          |       |    33 |       ||    33
  Evoke: Wand              |       |       |     1 ||     1
    Use: Scroll            |     3 |     4 |     2 ||     9
         Potion            |     1 |     1 |     1 ||     3
 Armour: Robe              |     4 |    18 |    13 ||    35
  Dodge: Dodged            |    14 |    78 |    20 ||   112

Table legend:
 A = Non-vault XP
 B = Vault XP
 C = Vault XP percentage of total XP
 D = Non-vault monster count
 E = Vault monster count
 F = Vault count percentage of total count
                 A         B        C        D         E       F
            +---------+---------+-------+---------+---------+-------
      Total |     944 |     544 |  36.6 |      82 |      23 |  21.9
            +---------+---------+-------+---------+---------+-------
        D:1 |      35 |       6 |  14.6 |      18 |       5 |  21.7
        D:2 |      43 |     263 |  85.9 |      11 |       2 |  15.4
        D:3 |      64 |      72 |  52.9 |      24 |      14 |  36.8
        D:4 |     169 |       0 |   0.0 |      12 |       0 |   0.0
        D:5 |     270 |       0 |   0.0 |      11 |       0 |   0.0
        D:6 |     363 |     203 |  35.9 |       6 |       2 |  25.0
            +---------+---------+-------+---------+---------+-------
